 Dungeon Crawl Stone Soup version 0.30.1-4-g462c640d31 (webtiles) character file.

Game seed: 817490982903503359

954 spardeous the Grasshopper (level 7, -1/50 HPs)
             Began as a Demigod Conjurer on Aug 11, 2023.
             Killed from afar by Dowan (12 damage)
             ... with a shard of ice
             ... on level 5 of the Dungeon.
             The game lasted 00:06:46 (5282 turns).

spardeous the Grasshopper (Demigod Conjurer)        Turns: 5282, Time: 00:06:46

Health: -1/50      AC:  9    Str: 12    XL:     7   Next: 59%
Magic:  10/24      EV: 11    Int: 26    God:
Gold:   185        SH:  0    Dex: 18    Spells: 5/12 levels left

rFire   . . .        e - +1 short sword (speed)
rCold   . . .        (no shield)
rNeg    . . .        o - +4 ring mail of the Griffon {rPois Str+4 Int+2 Dex+2}
rPois   +            (no helmet)
rElec   .            (no cloak)
rCorr   .            (no gloves)
SInv    .            (no boots)
Will    .....        (no amulet)
Stlth   +            j - ring of wizardry
HPRegen 0.28/turn    t - ring of magical power
MPRegen 0.19/turn

%: wizardry (x1)
@: no status effects
A: high MP 1, forlorn, divine attributes
a: no special abilities


You were on level 5 of the Dungeon.
You visited 1 branch of the dungeon, and saw 5 of its levels.

You collected 185 gold pieces.

Inventory:

Hand Weapons
 e - a +1 short sword of speed (weapon)
 y - a +4 dagger
Missiles
 u - a throwing net
Armour
 a - a +0 robe
 f - a +0 leather armour
 o - the +4 ring mail of the Griffon (worn) {rPois Str+4 Int+2 Dex+2}
   (You found it on level 2 of the Dungeon)

   Str:       It affects your strength (+4).
   Int:       It affects your intelligence (+2).
   Dex:       It affects your dexterity (+2).
   rPois:     It protects you from poison.
 A - a +0 kite shield
Jewellery
 j - a ring of wizardry (left hand)
 t - a ring of magical power (right hand)
 v - an amulet of reflection
Scrolls
 d - 3 scrolls of magic mapping {unknown}
 i - 2 scrolls of vulnerability {unknown}
 l - 5 scrolls of identify {unknown}
 m - 2 scrolls of enchant weapon {unknown}
 p - a scroll of poison {unknown}
 s - a scroll of amnesia {unknown}
 w - 3 scrolls of immolation {unknown}
Potions
 b - 2 potions of magic
 c - a potion of might {unknown}
 g - 2 potions of berserk rage {unknown}
 h - 3 potions of degeneration {unknown}
 k - a potion of resistance {unknown}
 n - 3 potions of attraction {unknown}
 q - 5 potions of curing
 r - a potion of haste {unknown}
 x - a potion of lignification {unknown}
 z - a potion of mutation {unknown}
 B - a potion of heal wounds {unknown}


   Skills:
 - Level 1.7 Dodging
 - Level 1.7 Stealth
 - Level 3.3 Spellcasting
 - Level 4.8 Conjurations
 + Level 6.8 Translocations


You had 5 spell levels left.
You knew the following spells:

 Your Spells              Type           Power      Damage    Failure   Level
a - Magic Dart            Conj           100%       1d8       1%          1
b - Searing Ray           Conj           58%        2d6       1%          2
c - Iskenderun's Mystic   Conj/Tloc      34%        2d8       8%          4

Your spell library contained the following spells:

 Spells                   Type           Power      Damage    Failure   Level
 Volatile Blastmotes      Fire/Tloc      44%        2d13      6%          3
 Beastly Appendage        Tmut           8%         N/A       9%          1
 Dazzling Flash           Conj/Hex       32%        N/A       9%          3
 Poisonous Vapours        Pois/Air       8%         N/A       12%         2
 Wereblood                Tmut           4%         N/A       12%         2
 Mephitic Cloud           Conj/Pois/Air  12%        N/A       13%         3
 Spider Form              Tmut/Pois      4%         N/A       24%         3
 Fulminant Prism          Conj/Hex       8%         3d6       28%         4
 Freezing Cloud           Conj/Ice/Air   6%         6-21      71%         5
 Starburst                Conj/Fire      8%         6d4       98%         6


Dungeon Overview and Level Annotations

Branches:
Dungeon (5/15)             Temple (0/1) D:4

Annotations:
D:5 Dowan


Innate Abilities, Weirdness & Mutations

You have an increased reservoir of magic. (+10% MP)
You shall have no god before yourself.
Your divine heritage dramatically boosts your attributes as you level up.


Message History

Aim: a centaur, wielding a +0 shortbow (heavily wounded, 87% to hit)
The searing ray misses the centaur. (Press . to maintain the ray.)
The centaur shoots an arrow.
The arrow hits you.
The centaur shoots an arrow.
The arrow hits you!
* * * LOW HITPOINT WARNING * * *
You take 19 damage, and have 22/50 hp.
MASSIVE DAMAGE!!
You now have 14/24 mp.
The searing ray hits the centaur.
The centaur is severely wounded.
The centaur shoots an arrow.
The arrow hits you.
* * * LOW HITPOINT WARNING * * *
You take 5 damage, and have 17/50 hp.
You now have 13/24 mp.
The searing ray hits the centaur!
You kill the centaur!
You now have 12/24 mp.
Dowan is nearby!
Dowan is nearby!
Dowan is nearby!
Dowan is nearby!
Dowan seems to find hidden reserves of power!
Dowan breathes, "And she was my only..."
Dowan gestures at you while chanting. The stone arrow hits you!
* * * LOW HITPOINT WARNING * * *
You see here a water moccasin corpse.
You take 7 damage, and have 11/50 hp.
Casting: Searing Ray (safe; 1% risk of failure)
Confirm with . or Enter, or press ? or * to list all spells.
Aiming: Searing Ray (safe; 1% risk of failure)
Press: ? - help, Shift-Dir - straight line, f - Dowan
Aim: Dowan, wielding a +1 dagger of venom and wearing a +0 robe (fast, 71% to hit)
The searing ray hits Dowan.
Dowan is moderately wounded. (Press . to maintain the ray.)
You now have 11/24 mp.
The searing ray hits Dowan.
Dowan is moderately wounded.
Dowan points at you and mumbles some strange words.
The shard of ice hits you!
You die...

........)..#
..(........#
...........#
...........#
...........############
.............).........
..>....................
............#e#.######
............#@#.###
............#.#.e.#
...[.....[..#.#..s## ##
###########†#.#....#
... #.#.#...)# ....
#.#.#....## ..s..
#.#.#.....#......
#.#.#...#.'......
#.#.#...###......


You could see Dowan (fast).

Vanquished Creatures
  A water moccasin (D:5)
  Duvessa (D:5)
  A black bear (D:4)
  2 centaurs
  A gnoll sergeant (D:5)
  2 scorpions
  A gnoll bouda (D:4)
  A sleepcap (D:4)
  An iguana (D:3)
  10 gnolls
  7 adders
  3 worms
  2 dart slugs (D:3)
  4 endoplasms
  7 giant cockroaches
  8 goblins
  7 hobgoblins
  3 quokkas
  6 ball pythons
  5 bats
  2 frilled lizards (D:2)
  8 kobolds
  3 rats
86 creatures vanquished.

Notes
Turn   | Place    | Note
-------+----------+-------------------------------------------
     0 | D:1      | spardeous the Demigod Conjurer began the quest for the Orb.
     0 | D:1      | Reached XP level 1. HP: 14/14 MP: 5/5
   453 | D:1      | Reached XP level 2. HP: 20/20 MP: 0/7
  1283 | D:2      | Learned a level 2 spell: Searing Ray
  1460 | D:2      | Reached XP level 3. HP: 26/26 MP: 4/9
  1968 | D:2      | Identified the +4 ring mail of the Griffon {rPois Str+4
                  | Int+2 Dex+2}
  2290 | D:3      | Reached XP level 4. HP: 33/33 MP: 8/11
  2421 | D:3      | Learned a level 4 spell: Iskenderun's Mystic Blast
  3040 | D:3      | Reached XP level 5. HP: 38/38 MP: 3/13
  3176 | D:3      | Reached skill level 1 in Translocations
  3483 | D:4      | Noticed a centaur
  3653 | D:4      | Killed a centaur
  3654 | D:4      | Reached skill level 2 in Translocations
  3896 | D:4      | Reached skill level 3 in Translocations
  3979 | D:4      | Reached XP level 6. HP: 36/45 MP: 14/14
  4046 | D:4      | Found a staircase to the Ecumenical Temple.
  4116 | D:4      | Reached skill level 4 in Translocations
  4767 | D:5      | Entered Level 5 of the Dungeon
  4961 | D:5      | Reached skill level 5 in Translocations
  5129 | D:5      | Noticed Duvessa
  5129 | D:5      | Noticed Dowan
  5163 | D:5      | Reached XP level 7. HP: 50/50 MP: 14/15
  5165 | D:5      | Killed Duvessa
  5166 | D:5      | Reached skill level 6 in Translocations
  5282 | D:5      | Killed from afar by Dowan

Illustrated notes

Levels and vault maps discovered:
D:1:      dpeg_arrival_lava_temple_mockup, layout_loops_ring,
          minmay_misc_feat_chi, minmay_worlds_worst_comb
D:2:      layout_basic
D:3:      layout_basic, nicolae_overflow_squiral,
          hellmonk_ecumenical_altar_zigzags, serial_rivers,
          chequers_serial_rivers_room_a, chequers_serial_rivers_large_b,
          chequers_serial_rivers_micro_b, chequers_serial_rivers_room_a,
          chequers_serial_rivers_large_a
D:4:      layout_loops_ring, minmay_temple_entry_gardened_gates
D:5:      layout_basic, serial_shops, shop, uniq_duvessa, uniq_eustachio

Skill      XL: |  1  2  3  4  5  6  7 |
---------------+----------------------+-----
Spellcasting   | 2 3 |  3.3
Conjurations   | 4 |  4.8
Translocations | 3 5 6 |  6.8
Dodging        | |  1.7
Stealth        | |  1.7

Action                     |  1- 3 |  4- 6 |  7- 9 || total
---------------------------+-------+-------+-------++-------
  Melee: Short sword       |    12 |       |       ||    12
   Cast: Magic Dart        |   105 |    29 |       ||   134
         Searing Ray       |     1 |    29 |     4 ||    34
         Iskenderun's Myst |       |     1 |     1 ||     2
 Armour: Leather armour    |     2 |       |       ||     2
         Ring mail         |     1 |    10 |     2 ||    13
  Dodge: Dodged            |    24 |    31 |     6 ||    61
